TOP OF THE 1ST |
Wilmington Blue Rocks batting - Pitching for Lakeland Flying Tigers : RHP Ricky Tercero
|
Pitching: RHP Ricky Tercero
|
|
Batting: RHB Yi-lin Niu
|
0-0: Fly out, F8 (Flyball, 8LD, EV 104.4 MPH)
|
Batting: SHB Jason Anaya
|
0-0: Foul Ball, location: 2F 0-1: Ground out 6-3 (Groundball, 6, EV 81.9 MPH)
|
Batting: RHB Taisei Fujii
|
0-0: Called Strike 0-1: Fly out, F8 (Flyball, 8RD, EV 97.5 MPH)
|
Top of the 1st over - 0 runs, 0 hits, 0 errors, 0 left on base; Wilmington 0 - Lakeland 0 |
BOTTOM OF THE 1ST |
Lakeland Flying Tigers batting - Pitching for Wilmington Blue Rocks : RHP Matt Voulgaris
|
Pitching: RHP Matt Voulgaris
|
|
Batting: LHB Jeff Trapp
|
0-0: Ball 1-0: Foul Ball, location: 2F 1-1: Ball 2-1: Foul Ball, location: 2F 2-2: SINGLE (Flyball, 7LM, EV 93.1 MPH)
|
Batting: RHB Aaron Cusick
|
0-0: SINGLE (Line Drive, 7S, EV 96.9 MPH) Jeff Trapp to second
|
Batting: LHB Gabe Mendez
|
0-0: Ball 1-0: Called Strike 1-1: Called Strike 1-2: Grounds into double play, 4-6-3 (Groundball, 4, EV 86.9 MPH) Jeff Trapp to third
|
Batting: LHB Oscar Gonzalez
|
0-0: Swinging Strike 0-1: Swinging Strike 0-2: Hit by Pitch
|
Batting: RHB Jon Pierce
|
0-0: Ground out 6-3 (Groundball, 6S, EV 88.1 MPH)
|
Bottom of the 1st over - 0 runs, 2 hits, 0 errors, 2 left on base; Wilmington 0 - Lakeland 0 |
TOP OF THE 2ND |
Wilmington Blue Rocks batting - Pitching for Lakeland Flying Tigers : RHP Ricky Tercero
|
Batting: RHB Kevin Roseen
|
0-0: Ball 1-0: Called Strike 1-1: Ball 2-1: Called Strike 2-2: Ball 3-2: Base on Balls
|
Batting: LHB Josh Moore
|
0-0: Foul Ball, location: 2F 0-1: Swinging Strike 0-2: Ball 1-2: Strikes out swinging
|
Batting: RHB Alex Cid
|
0-0: Foul Ball, location: 2F 0-1: Fly out, F9 (Flyball, 9, EV 83.8 MPH)
|
Batting: RHB Josh Gordon
|
0-0: Ball 1-0: Ball 2-0: Foul Ball, location: 2F 2-1: Swinging Strike 2-2: Foul Ball, location: 2F 2-2: Ball 3-2: SINGLE (Groundball, 56D, EV 109.4 MPH) Kevin Roseen to second Kevin Roseen to third
|
Batting: RHB Andy Urquhart
|
0-0: Ball 1-0: Ball 2-0: Foul Ball, location: 2F 2-1: Ball 3-1: Foul Ball, location: 2F 3-2: Foul Ball, location: 2F 3-2: Ground out 6-3 (Groundball, 6, EV 84.4 MPH)
|
Top of the 2nd over - 0 runs, 1 hit, 0 errors, 2 left on base; Wilmington 0 - Lakeland 0 |
BOTTOM OF THE 2ND |
Lakeland Flying Tigers batting - Pitching for Wilmington Blue Rocks : RHP Matt Voulgaris
|
Batting: RHB Victor Reyes
|
0-0: Called Strike 0-1: Swinging Strike 0-2: Ball 1-2: Ball 2-2: Strikes out swinging
|
Batting: RHB Vince Chipman
|
0-0: Called Strike 0-1: Ball 1-1: Swinging Strike 1-2: Ball 2-2: DOUBLE (Line Drive, 7D, EV 88.1 MPH)
|
Batting: RHB Sergio Valbuena
|
0-0: Called Strike 0-1: Called Strike 0-2: Ball 1-2: Foul Ball, location: 2F 1-2: Strikes out swinging
|
Batting: RHB Travis Newton
|
0-0: Called Strike 0-1: SINGLE (Groundball, 56S, EV 60.6 MPH) (infield hit) Vince Chipman to third
|
Batting: LHB Jeff Trapp
|
0-0: Called Strike 0-1: Ball 1-1: Foul Ball, location: 2F 1-2: Foul Ball, location: 2F 1-2: Ball 2-2: Fly out, F7 (Flyball, 78M, EV 86.9 MPH)
|
Bottom of the 2nd over - 0 runs, 2 hits, 0 errors, 2 left on base; Wilmington 0 - Lakeland 0 |
TOP OF THE 3RD |
Wilmington Blue Rocks batting - Pitching for Lakeland Flying Tigers : RHP Ricky Tercero
|
Batting: RHB Matt Tittle
|
0-0: Called Strike 0-1: Fly out, F8 (Flyball, 8RXD, EV 100.0 MPH)
|
Batting: RHB Yi-lin Niu
|
0-0: Ball 1-0: Fly out, F8 (Flyball, 8LM, EV 87.5 MPH)
|
Batting: SHB Jason Anaya
|
0-0: Swinging Strike 0-1: Called Strike 0-2: Ball 1-2: Ball 2-2: Foul Ball, location: 2F 2-2: SINGLE (Groundball, 3D, EV 96.9 MPH)
|
Batting: RHB Taisei Fujii
|
0-0: Ball 1-0: Swinging Strike 1-1: Called Strike 1-2: Ball 2-2: Strikes out looking
|
Top of the 3rd over - 0 runs, 1 hit, 0 errors, 1 left on base; Wilmington 0 - Lakeland 0 |
BOTTOM OF THE 3RD |
Lakeland Flying Tigers batting - Pitching for Wilmington Blue Rocks : RHP Matt Voulgaris
|
Batting: RHB Aaron Cusick
|
0-0: Called Strike 0-1: Foul Ball, location: 2F 0-2: Strikes out looking
|
Batting: LHB Gabe Mendez
|
0-0: Ball 1-0: Ball 2-0: Called Strike 2-1: Ground out 4-3 (Groundball, 4, EV 89.4 MPH)
|
Batting: LHB Oscar Gonzalez
|
0-0: Swinging Strike 0-1: Ball 1-1: Swinging Strike 1-2: Ball 2-2: Strikes out swinging
|
Bottom of the 3rd over - 0 runs, 0 hits, 0 errors, 0 left on base; Wilmington 0 - Lakeland 0 |
TOP OF THE 4TH |
Wilmington Blue Rocks batting - Pitching for Lakeland Flying Tigers : RHP Ricky Tercero
|
Batting: RHB Kevin Roseen
|
0-0: Called Strike 0-1: Ball 1-1: Foul Ball, location: 2F 1-2: SINGLE (Groundball, 4MD, EV 107.5 MPH)
|
Batting: LHB Josh Moore
|
0-0: Called Strike 0-1: Foul Ball, location: 2F 0-2: Ball 1-2: Ball 2-2: Ball 3-2: Fielders Choice at 2nd, 4-6 (Groundball, 4, EV 92.5 MPH)
|
Batting: RHB Alex Cid
|
0-0: Ball 1-0: Ball 2-0: Called Strike 2-1: SINGLE (Groundball, 6MD, EV 101.3 MPH) Josh Moore to second Runner from 2nd tries for 3rd, SAFE, throw by CF made to third Alex Cid to second
|
Batting: RHB Josh Gordon
|
0-0: Called Strike 0-1: Called Strike 0-2: Foul Ball, location: 2F 0-2: Strikes out swinging
|
Batting: RHB Andy Urquhart
|
0-0: Ball 1-0: Ball 2-0: 3-RUN HOME RUN (Flyball, 7D, EV 98.8 MPH), Distance : 382 ft
|
Batting: RHB Matt Tittle
|
0-0: Called Strike 0-1: Ball 1-1: Ball 2-1: Fly out, F8 (Flyball, 89XD, EV 91.9 MPH)
|
Top of the 4th over - 3 runs, 3 hits, 0 errors, 0 left on base; Wilmington 3 - Lakeland 0 |
BOTTOM OF THE 4TH |
Lakeland Flying Tigers batting - Pitching for Wilmington Blue Rocks : RHP Matt Voulgaris
|
Pitching: RHP Jarred Young
|
|
Batting: RHB Jon Pierce
|
0-0: Ball 1-0: Called Strike 1-1: SOLO HOME RUN (Flyball, 78XD, EV 112.5 MPH), Distance : 421 ft
|
Batting: RHB Victor Reyes
|
0-0: Ball 1-0: Ball 2-0: Swinging Strike 2-1: Ball 3-1: Base on Balls
|
Batting: RHB Vince Chipman
|
0-0: Ball 1-0: Foul Ball, location: 2F 1-1: Swinging Strike 1-2: Ball 2-2: Ball 3-2: Strikes out swinging
|
Batting: RHB Sergio Valbuena
|
0-0: Ball 1-0: Ball 2-0: Ball 3-0: Called Strike 3-1: Called Strike 3-2: Base on Balls Victor Reyes to second
|
Batting: RHB Travis Newton
|
0-0: Ball 1-0: Called Strike 1-1: Fielders Choice at 2nd, 6-4 (Groundball, 6, EV 83.1 MPH) Victor Reyes to third
|
Batting: LHB Jeff Trapp
|
0-0: Ball 1-0: Swinging Strike 1-1: Foul Ball, location: 2F 1-2: Strikes out swinging
|
Bottom of the 4th over - 1 run, 1 hit, 0 errors, 2 left on base; Wilmington 3 - Lakeland 1 |
TOP OF THE 5TH |
Wilmington Blue Rocks batting - Pitching for Lakeland Flying Tigers : RHP Ricky Tercero
|
Batting: RHB Yi-lin Niu
|
0-0: Swinging Strike 0-1: Fly out, F7 (Flyball, 7S, EV 83.1 MPH)
|
Batting: SHB Jason Anaya
|
0-0: Ball 1-0: Foul Ball, location: 2F 1-1: SOLO HOME RUN (Flyball, 9D, EV 98.1 MPH), Distance : 373 ft
|
Batting: RHB Taisei Fujii
|
0-0: SOLO HOME RUN (Flyball, 9D, EV 94.4 MPH), Distance : 373 ft
|
Pitching: RHP Justin Packard
|
|
Batting: RHB Kevin Roseen
|
0-0: Called Strike 0-1: Called Strike 0-2: Ball 1-2: Ball 2-2: Foul Ball, location: 2F 2-2: Strikes out swinging
|
Batting: LHB Josh Moore
|
0-0: SOLO HOME RUN (Flyball, 89XD, EV 101.9 MPH), Distance : 411 ft
|
Batting: RHB Alex Cid
|
0-0: Ground out 4-3 (Groundball, 4, EV 98.1 MPH)
|
Top of the 5th over - 3 runs, 3 hits, 0 errors, 0 left on base; Wilmington 6 - Lakeland 1 |
BOTTOM OF THE 5TH |
Lakeland Flying Tigers batting - Pitching for Wilmington Blue Rocks : RHP Jarred Young
|
Batting: RHB Aaron Cusick
|
0-0: Ball 1-0: Called Strike 1-1: Foul Ball, location: 2F 1-2: Strikes out swinging
|
Batting: LHB Gabe Mendez
|
0-0: Called Strike 0-1: Ground out 4-3 (Groundball, 34, EV 86.9 MPH)
|
Pitching: RHP Brian Straub
|
|
Batting: LHB Oscar Gonzalez
|
0-0: Foul Ball, location: 2F 0-1: Swinging Strike 0-2: Strikes out swinging
|
Bottom of the 5th over - 0 runs, 0 hits, 0 errors, 0 left on base; Wilmington 6 - Lakeland 1 |
TOP OF THE 6TH |
Wilmington Blue Rocks batting - Pitching for Lakeland Flying Tigers : RHP Justin Packard
|
Batting: RHB Josh Gordon
|
0-0: Called Strike 0-1: Ball 1-1: Ball 2-1: Ball 3-1: Base on Balls
|
Batting: RHB Andy Urquhart
|
0-0: Ball 1-0: Fly out, F8 (Flyball, 8RD, EV 92.5 MPH)
|
Batting: RHB Matt Tittle
|
0-0: Grounds into double play, 5-4-3 (Groundball, 56, EV 101.3 MPH)
|
Top of the 6th over - 0 runs, 0 hits, 0 errors, 0 left on base; Wilmington 6 - Lakeland 1 |
BOTTOM OF THE 6TH |
Lakeland Flying Tigers batting - Pitching for Wilmington Blue Rocks : RHP Brian Straub
|
Batting: RHB Jon Pierce
|
0-0: Foul Ball, location: 2F 0-1: Ball 1-1: Ball 2-1: Ball 3-1: Foul Ball, location: 2F 3-2: Strikes out swinging
|
Batting: RHB Victor Reyes
|
0-0: Swinging Strike 0-1: SINGLE (Line Drive, 8LS, EV 86.9 MPH)
|
Batting: RHB Vince Chipman
|
0-0: Called Strike 0-1: Fielders Choice at 2nd, 6-4 (Groundball, 6, EV 81.3 MPH)
|
Batting: RHB Sergio Valbuena
|
0-0: Ball 1-0: Ball 2-0: Ball 3-0: Called Strike 3-1: Base on Balls Vince Chipman to second
|
Batting: RHB Travis Newton
|
0-0: Foul Ball, location: 2F 0-1: Ball 1-1: Called Strike 1-2: Ball 2-2: DOUBLE (Line Drive, 7LS, EV 100.0 MPH) Vince Chipman scores Sergio Valbuena to third Runner from 3rd tries for Home, SAFE, throw by LF to home
|
Batting: LHB Jeff Trapp
|
0-0: Ball 1-0: Foul Ball, location: 2F 1-1: Ball 2-1: Called Strike 2-2: Foul Ball, location: 2F 2-2: Ground out 4-3 (Groundball, 4, EV 102.5 MPH)
|
Bottom of the 6th over - 2 runs, 2 hits, 0 errors, 1 left on base; Wilmington 6 - Lakeland 3 |
TOP OF THE 7TH |
Wilmington Blue Rocks batting - Pitching for Lakeland Flying Tigers : RHP Justin Packard
|
Pitching: RHP David Esposito
|
|
Batting: RHB Yi-lin Niu
|
0-0: Ball 1-0: Ball 2-0: Ground out 5-3 (Groundball, 25, EV 93.1 MPH)
|
Batting: SHB Jason Anaya
|
0-0: Ball 1-0: Foul Ball, location: 2F 1-1: Swinging Strike 1-2: Ball 2-2: Ball 3-2: Foul Ball, location: 2F 3-2: Ground out 3-1 (Groundball, 34, EV 81.3 MPH)
|
Batting: RHB Taisei Fujii
|
0-0: Called Strike 0-1: Foul Ball, location: 2F 0-2: Ball 1-2: SINGLE (Groundball, 6D, EV 109.4 MPH)
|
Batting: RHB Kevin Roseen
|
0-0: Called Strike 0-1: Ball 1-1: Ball 2-1: Called Strike 2-2: Ball 3-2: Strikes out looking
|
Top of the 7th over - 0 runs, 1 hit, 0 errors, 1 left on base; Wilmington 6 - Lakeland 3 |
BOTTOM OF THE 7TH |
Lakeland Flying Tigers batting - Pitching for Wilmington Blue Rocks : RHP Brian Straub
|
Pitching: RHP Lionardo Rabelo
|
|
Batting: RHB Aaron Cusick
|
0-0: Called Strike 0-1: Ball 1-1: Foul Ball, location: 2F 1-2: Fly out, F9 (Flyball, 9LS, EV 86.9 MPH)
|
Batting: LHB Gabe Mendez
|
0-0: Ball 1-0: Foul Ball, location: 2F 1-1: Swinging Strike 1-2: Strikes out looking
|
Batting: LHB Oscar Gonzalez
|
0-0: Called Strike 0-1: Ball 1-1: Foul Ball, location: 2F 1-2: Strikes out swinging
|
Bottom of the 7th over - 0 runs, 0 hits, 0 errors, 0 left on base; Wilmington 6 - Lakeland 3 |
TOP OF THE 8TH |
Wilmington Blue Rocks batting - Pitching for Lakeland Flying Tigers : RHP David Esposito
|
Batting: LHB Josh Moore
|
0-0: Foul Ball, location: 2F 0-1: Ball 1-1: Called Strike 1-2: Ball 2-2: Ball 3-2: Foul Ball, location: 2F 3-2: Foul Ball, location: 2F 3-2: Base on Balls
|
Batting: RHB Alex Cid
|
0-0: Ball 1-0: Bunt missed! 1-1: Bunt missed! 1-2: Ball 2-2: Strikes out swinging
|
Batting: RHB Josh Gordon
|
0-0: Called Strike 0-1: Foul Ball, location: 2F 0-2: Ball 1-2: Strikes out looking
|
Batting: RHB Andy Urquhart
|
0-0: Fly out, F4 (Line Drive, 4M, EV 91.3 MPH)
|
Top of the 8th over - 0 runs, 0 hits, 0 errors, 1 left on base; Wilmington 6 - Lakeland 3 |
BOTTOM OF THE 8TH |
Lakeland Flying Tigers batting - Pitching for Wilmington Blue Rocks : RHP Lionardo Rabelo
|
Pitching: RHP Austin Aubuchon
|
|
Batting: RHB Jon Pierce
|
0-0: Foul Ball, location: 2F 0-1: Foul Ball, location: 2F 0-2: Ground out 4-3 (Groundball, 4, EV 97.5 MPH)
|
Batting: RHB Victor Reyes
|
0-0: Called Strike 0-1: Ball 1-1: Foul Ball, location: 2F 1-2: Strikes out swinging
|
Batting: RHB Vince Chipman
|
0-0: Foul Ball, location: 2F 0-1: Ball 1-1: Ball 2-1: Ball 3-1: Foul Ball, location: 2F 3-2: Foul Ball, location: 2F 3-2: Base on Balls
|
Batting: RHB Sergio Valbuena
|
0-0: Fielders Choice at 2nd, 6-4 (Groundball, 6, EV 88.8 MPH)
|
Bottom of the 8th over - 0 runs, 0 hits, 0 errors, 1 left on base; Wilmington 6 - Lakeland 3 |
TOP OF THE 9TH |
Wilmington Blue Rocks batting - Pitching for Lakeland Flying Tigers : RHP David Esposito
|
Pitching: RHP Dave Frazier
|
|
Batting: RHB Matt Tittle
|
0-0: Called Strike 0-1: Called Strike 0-2: Ball 1-2: Fly out, F6 (Popup, 6MS, EV 82.5 MPH)
|
Batting: RHB Yi-lin Niu
|
0-0: Ball 1-0: Ball 2-0: SINGLE (Line Drive, 89S, EV 95.6 MPH)
|
Batting: SHB Jason Anaya
|
0-0: Called Strike Yi-lin Niu steals 2nd base 0-1: Swinging Strike 0-2: Ball 1-2: Foul Ball, location: 2F 1-2: Foul Ball, location: 2F 1-2: Ball 2-2: Foul Ball, location: 2F 2-2: Ball 3-2: Foul Ball, location: 2F 3-2: Foul Ball, location: 2F 3-2: Strikes out swinging
|
Batting: RHB Taisei Fujii
|
0-0: Swinging Strike 0-1: Ball 1-1: Foul Ball, location: 2F 1-2: Ball 2-2: Foul Ball, location: 2F 2-2: Ball 3-2: Strikes out looking
|
Top of the 9th over - 0 runs, 1 hit, 0 errors, 1 left on base; Wilmington 6 - Lakeland 3 |
BOTTOM OF THE 9TH |
Lakeland Flying Tigers batting - Pitching for Wilmington Blue Rocks : RHP Austin Aubuchon
|
Pitching: RHP Vinny Reveles
|
|
Batting: RHB Travis Newton
|
0-0: Called Strike 0-1: Ball 1-1: DOUBLE (Line Drive, 7LS, EV 97.5 MPH)
|
Batting: LHB Jeff Trapp
|
0-0: Called Strike 0-1: Foul Ball, location: 2F 0-2: Ball 1-2: Foul Ball, location: 2F 1-2: Fly out, F8 (Line Drive, 8RD, EV 82.5 MPH)
|
Batting: RHB Aaron Cusick
|
0-0: Ball 1-0: Ball 2-0: Called Strike 2-1: Swinging Strike 2-2: Strikes out swinging
|
Batting: LHB Gabe Mendez
|
0-0: Ball 1-0: Ground out 4-3 (Groundball, 4S, EV 83.1 MPH)
|
Bottom of the 9th over - 0 runs, 1 hit, 0 errors, 1 left on base; Wilmington 6 - Lakeland 3 |
|